 Dungeon Crawl Stone Soup version 0.28.0 (webtiles) character file.

Game seed: 4828591587472916399

37 mcwallace the Skirmisher (level 3, -3/29 HPs)
             Began as a Demonspawn Monk on Feb 18, 2022.
             Slain by an orc (4 damage)
             ... on level 4 of the Dungeon.
             The game lasted 00:03:52 (2063 turns).

mcwallace the Skirmisher (Demonspawn Monk)          Turns: 2063, Time: 00:03:52

Health: -3/29      AC:  5    Str: 13    XL:     3   Next: 21%
Magic:  3/3        EV: 10    Int: 13    God:
Gold:   34         SH:  0    Dex: 15    Spells: 2/2 levels left

rFire   . . .      SeeInvis .   a - +0 hand axe {axe}
rCold   + . .      Faith    .   (no shield)
rNeg    . . .      Spirit   .   b - +0 robe
rPois   .          Reflect  .   (no helmet)
rElec   .          Harm     .   e - +0 cloak
rCorr   .          Rampage  .   (no gloves)
Will    .....                   (no boots)
Stlth   ++........              (no amulet)
HPRegen 0.09/turn               (no ring)
MPRegen 0.08/turn               (no ring)

@: constricted
A: molten scales 1, cold resistance 1, strong 1, MP-powered wands
a: no special abilities


You were on level 4 of the Dungeon.
You visited 1 branch of the dungeon, and saw 4 of its levels.

You collected 34 gold pieces.


Innate Abilities, Weirdness & Mutations

You are partially covered in molten scales. (AC +2)
Your flesh is cold resistant. (rC+)
Your muscles are strong. (Str +2)
You expend magic power (3 MP) to strengthen your wands.


   Skills:
 + Level 3.3 Fighting
 + Level 3.0 Axes
 + Level 1.0 Armour
 + Level 3.1 Dodging
 - Level 1.7 Stealth


You had 2 spell levels left.
You didn't know any spells.
Your spell library was empty.

Inventory:

Hand Weapons
 a - a +0 hand axe (weapon) {axe}
Missiles
 c - 37 sling bullets
 d - 4 boomerangs (quivered) {throwing}
 h - 30 stones {throwing}
Armour
 b - a +0 robe (worn)
 e - a +0 cloak (worn)
   (You found it on level 3 of the Dungeon)
Scrolls
 f - 2 scrolls of fog {unknown}
 i - 2 scrolls of identify {unknown}

Dungeon Overview and Level Annotations

Branches:
Dungeon (4/15)
 Temple: D:4-7

Altars:

Shops:
D:1

? #.#####..
#.....#.###
#.........#
#.........+
#......Z..#
#........
##....#
#.l@[.+
#.S{o.#
#.......+
#.....###
#.....#
#.....#
#.##### ..


You could see an orc, a ball python, a frilled lizard and a centaur skeleton.


Message History

An orc comes into view. It is wielding a +0 falchion. 😕 HP[+2]
You regained 2 hp, and now have 24/29 hp.
An orc comes into view. It is wielding a +0 short sword.
An orc wizard comes into view. It is wielding a +0 dagger. 😕 HP[+1]
The orc shouts!
The orc wizard shouts!
You hear a shout!
The orc wizard casts a spell at you. The magic dart hits you!
The orc completely misses you. 😮 HP[-8]
You take 8 damage, and now have 17/29 hp.
MASSIVE DAMAGE!! (PAUSE)
An orc wizard comes into view. It is wielding a +0 dagger.
You see here a dart slug corpse.
A frilled lizard comes into view.
The orc hits you but does no damage.
You see here a dart slug corpse.
You hit the orc but do no damage.
The orc wizard casts a spell.
The orc wizard flickers and vanishes!
Deactivating autopickup; reactivate with Ctrl-A.
The orc hits you with a +0 short sword. The orc hits you with a +0 falchion.
* * * LOW HITPOINT WARNING * * *
😨 HP[-4]
You take 4 damage, and now have 13/29 hp.
You hit the orc. You hit the orc but do no damage.
The orc barely misses you. x2 😨 HP[+1]
You hit the orc. You barely miss the orc.
The orc wizard mumbles some strange words.
The orc wizard flickers and vanishes!
The orc closely misses you.
A ball python comes into view.
You barely miss the orc. You miss something.
The orc hits you with a +0 short sword.
* * * LOW HITPOINT WARNING * * *
Something hits you but does no damage. 😨 HP[-5]
You take 5 damage, and now have 9/29 hp.
You barely miss the orc. You closely miss something. The orc barely misses you.
Something hits you but does no damage. The orc barely misses you.
The ball python hisses angrily.
You hit the orc.
You kill the orc!
You hit something but do no damage. Something hits you.
* * * LOW HITPOINT WARNING * * *
The frilled lizard bites you but does no damage. 😨 HP[-1]
You take 1 damage, and now have 8/29 hp.
You barely miss something. You barely miss the orc.
You miss the frilled lizard. The orc misses you.
Something hits you but does no damage.
The frilled lizard completely misses you.
The orc closely misses you. Something hits you but does no damage.
A magic dart appears from out of thin air!
The magic dart hits something.
Something hits you but does no damage. 😨 HP[+1]
There is a stone staircase leading up here.
The ball python bites you but does no damage.
The ball python barely misses you.
A magic dart appears from out of thin air!
The magic dart hits something!
The ball python closely misses you. The ball python barely misses you.
The orc barely misses you.
You hear some strange, mumbled words.
A puff of flame appears from out of thin air!
The puff of flame hits you.
* * * LOW HITPOINT WARNING * * *
😱 HP[-2]
You take 2 damage, and now have 7/29 hp.
Something hits you but does no damage.
There is a stone staircase leading down here.
Something hits you.
* * * LOW HITPOINT WARNING * * *
The frilled lizard bites you.
* * * LOW HITPOINT WARNING * * *
The ball python completely misses you. The ball python closely misses you.
The orc hits you with a +0 falchion.
* * * LOW HITPOINT WARNING * * *
You climb downwards.
Reactivating autopickup.
There is a stone staircase leading up here. 😱 HP[-5]
You take 5 damage, and now have 2/29 hp.
Deactivating autopickup; reactivate with Ctrl-A.
You closely miss something. You hit the orc.
You hit the frilled lizard but do no damage.
You barely miss the ball python. The ball python bites you.
* * * LOW HITPOINT WARNING * * *
The ball python grabs you. The ball python constricts you.
Something hits you but does no damage. The frilled lizard misses you.
The orc hits you but does no damage. 😱 HP[-1]
You take 1 damage, and now have 1/29 hp.
You miss something. You hit the ball python.
You hit the frilled lizard but do no damage.
You hit the orc but do no damage.
The ball python bites you but does no damage.
The ball python constricts you. Something hits you but does no damage.
The frilled lizard barely misses you. The orc hits you with a +0 falchion.
You die...

Skill      XL: |  1  2 |
---------------+-------+-----
Axes           | 3 |  3.0
Dodging        | 3 |  3.1
Armour         | 1 |  1.0
Fighting       | |  3.3
Stealth        | |  1.7

Action                   || total
-------------------------++-------
Melee: Hand axe          ||    97
  Use: Potion            ||     3
 Stab: Sleeping          ||     7
Armor: Robe              ||    24
Dodge: Dodged            ||    83

Levels and vault maps discovered:
D:1:      roderic_lyre, layout_loops_ring,
          hellmonk_ecumenical_altar_heavens_door, serial_shops,
          nicolae_lakefront_shop
D:2:      layout_loops_cross, minmay_crystal_water, serial_park_tiny_pond,
          hangedman_decor_clover_reticule, minmay_fractal_squares_5
D:3:      layout_rooms, gammafunk_temple_overflow_arena, serial_shops,
          shop_fountains
D:4:      layout_basic, okawaru_metal_pillars_1_2, uniq_grinder

Notes
Turn   | Place    | Note
-------+----------+-------------------------------------------
     0 | D:1      | mcwallace the Demonspawn Monk began the quest for the Orb.
     0 | D:1      | Reached XP level 1. HP: 18/18 MP: 1/1
     0 | D:1      | magus.rc [v1.9.6]
   888 | D:1      | Gained mutation: You are partially covered in molten
                  | scales. (AC +2) [demonic ancestry]
   888 | D:1      | Reached XP level 2. HP: 24/24 MP: 2/2
  1259 | D:1      | Found Ixzomog's Magic Scroll Shop.
  1355 | D:1      | Found a faded altar of an unknown god.
  1459 | D:2      | Reached skill level 3 in Axes
  1459 | D:2      | Reached skill level 3 in Dodging
  1576 | D:2      | Reached skill level 1 in Armour
  1664 | D:2      | Noticed a scorpion
  1671 | D:2      | HP: 5/24 [scorpion (7)]
  1672 | D:2      | Gained mutation: You expend magic power (3 MP) to
                  | strengthen your wands. [potion of mutation]
  1672 | D:2      | Gained mutation: Your muscles are strong. (Str +2) [potion
                  | of mutation]
  1672 | D:2      | Gained mutation: Your flesh is cold resistant. (rC+)
                  | [potion of mutation]
  1925 | D:3      | Reached XP level 3. HP: 26/29 MP: 3/3
  2055 | D:3      | HP: 7/29 [something/puff of flame (3)]
  2060 | D:3      | HP: 5/29 [something (2)]
  2060 | D:3      | HP: 2/29 [orc (2)]
  2063 | D:4      | Slain by an orc

Vanquished Creatures
  A dart slug (D:3)
  An orc (D:3)
  7 ball pythons
  5 endoplasms
  6 goblins
  A hobgoblin (D:1)
  A kobold (D:1)
  2 quokkas
  2 frilled lizards
  3 rats
29 creatures vanquished.

Table legend:
 A = Non-vault XP
 B = Vault XP
 C = Vault XP percentage of total XP
 D = Non-vault monster count
 E = Vault monster count
 F = Vault count percentage of total count
                 A         B        C        D         E       F
            +---------+---------+-------+---------+---------+-------
      Total |      53 |       0 |   0.0 |      29 |       0 |   0.0
            +---------+---------+-------+---------+---------+-------
        D:1 |      30 |       0 |   0.0 |      17 |       0 |   0.0
        D:2 |       9 |       0 |   0.0 |       5 |       0 |   0.0
        D:3 |      14 |       0 |   0.0 |       7 |       0 |   0.0
            +---------+---------+-------+---------+---------+-------

Illustrated notes

Table legend:
 A = Kills in this place as a percentage of kills in entire the game.
 B = Kills by you in this place as a percentage of kills by you in the entire game.
 C = Kills by friends in this place as a percentage of kills by friends in the entire game.
 D = Other kills in this place as a percentage of other kills in the entire game.
 E = Experience gained in this place as a percentage of experience gained in the entire game.
 F = Experience gained in this place divided by the number of levels of this place that you have seen.
                   A       B       C       D       E      F
               +-------+-------+-------+-------+-------+----------------------
         Total | 100.0 | 100.0 |   N/A |   N/A | 100.0 |  13.2
       Dungeon | 100.0 | 100.0 |   N/A |   N/A | 100.0 |  13.2
               +-------+-------+-------+-------+-------+----------------------

Table legend: (Time is in decaauts)
 A = Elapsed time spent in this place.
 B = Non-inter-level travel time spent in this place.
 C = Inter-level travel time spent in this place.
 D = Time resting spent in this place.
 E = Time spent auto-exploring this place.
 F = Levels seen in this place.
 G = Mean time per level.
                   A        B        C        D        E       F      G
               +--------+--------+--------+--------+--------+-----+--------+
         Total |   2065 |   1980 |     85 |    197 |   1443 |   4 |  516.2 |
       Dungeon |   2065 |   1980 |     85 |    197 |   1443 |   4 |  516.2 |
               +--------+--------+--------+--------+--------+-----+--------+

Top non-repeatable levels by time:
     D:1: 1462 daAuts
     D:3: 347 daAuts
     D:2: 253 daAuts
     D:4: 2 daAuts
